AoeStats
← emre_gul19

Arena

510143482Analyzed
4v4 RM · 19h ago on Sep 29, 2026· 52m 19s· 8 players
Game mode
Random Map
Map size
Large (8 player)
Population
200
Speed
Normal
Resources
Standard
Victory
Conquest
Starting age
Dark Age
Ending age
Imperial Age
RankedLock teamsTeams togetherTeam positionsShared explorationLock speedFull tech treeHidden civsTurbo modeCheats
Victory
Defeat
🇧🇷 Khmer · Brazil
1342
+15
🇦🇷 Cumans · Argentina
1258
+19
🇦🇺 Bohemians · Australia
1252
+19
🇮🇹 Gurjaras · Italy
1252
+19
🇨🇴 Britons · Colombia
1526
-25
🇪🇸 Teutons · Spain
1446
-23
🇹🇷 Persians · Türkiye
1298
-17
🇲🇽 Franks · Mexico
1022
-7
emre_gul19
8:16 Feudal Age
9:42 Wheelbarrow
9:06 Double-Bit Axe
9:34 Loom
17:02 Castle Age
15:36 Horse Collar
15:49 Stone Mining
17:38 Heavy Plow
20:50 Bow Saw
24:06 Hand Cart
24:26 Gold Mining
25:50 Gold Shaft Mining
26:19 Town Watch
28:40 Forging
28:36 Scale Barding Armor
28:35 Fletching
33:52 Imperial Age
31:55 Bloodlines
31:46 Husbandry
36:46 Scale Mail Armor
37:21 Iron Casting
36:57 Pikeman
37:38 Squires
37:24 Gambesons
37:25 Arson
39:35 Chain Mail Armor
40:05 Fletching
40:15 Padded Archer Armor
40:42 Bodkin Arrow
42:12 Leather Archer Armor
42:18 Chain Barding Armor
45:29 Imperial Age
43:38 Town Patrol
43:41 Kamandaran
44:25 Ballistics
44:05 Stone Mining
44:41 Crossbowman
45:26 Thumb Ring
46:54 Chemistry
46:26 Crop Rotation
46:36 Plate Mail Armor
47:06 Blast Furnace
46:38 Ring Archer Armor
46:44 Plate Barding Armor
47:18 Conscription
48:15 Halberdier
jmolinao
10:28 Feudal Age
14:32 Castle Age
12:57 Fletching
13:54 Double-Bit Axe
14:43 Horse Collar
15:27 Crossbowman
19:06 Loom
21:00 Bodkin Arrow
24:08 Ballistics
25:24 Wheelbarrow
24:51 Heavy Plow
25:11 Gold Mining
30:46 Imperial Age
28:38 Padded Archer Armor
29:40 Bow Saw
30:49 Gold Shaft Mining
30:05 Stone Mining
30:03 Town Watch
31:02 Fortified Wall
31:20 Leather Archer Armor
31:35 Bracer
32:12 Arbalester
35:09 Chemistry
34:50 Pikeman
35:31 Squires
36:30 Masonry
36:01 Treadmill Crane
37:56 Scale Mail Armor
38:27 Ring Archer Armor
38:08 Forging
41:14 Chain Mail Armor
43:20 Conscription
44:07 Halberdier
44:08 Man-at-Arms
44:34 Gambesons
44:35 Arson
45:21 Plate Mail Armor
45:27 Iron Casting
44:59 Long Swordsman
46:06 Two-Handed Swordsman
47:11 Champion
49:25 Architecture
El coco
6:16 Loom
8:51 Feudal Age
9:19 Town Watch
10:32 Fletching
13:48 Horse Collar
17:56 Wheelbarrow
22:47 Castle Age
21:02 Stone Mining
21:02 Gold Mining
21:37 Double-Bit Axe
21:50 Gold Mining
26:56 Heavy Plow
27:21 Forging
27:23 Bow Saw
32:30 Forging
35:02 Imperial Age
32:48 Hand Cart
33:39 Town Patrol
34:17 Iron Casting
33:42 Scale Mail Armor
33:55 Squires
33:15 Pikeman
33:40 Gambesons
33:41 Arson
34:37 Fortified Wall
35:06 Halberdier
36:49 Blast Furnace
36:06 Chain Mail Armor
36:40 Capped Ram
38:15 Plate Mail Armor
37:41 Bodkin Arrow
40:06 Chemistry
39:26 Ballistics
39:39 Onager
41:04 Stone Shaft Mining
48:00 Conscription
48:23 Padded Archer Armor
49:06 Masonry
SoyKevinCoss
9:03 Loom
11:02 Feudal Age
12:47 Double-Bit Axe
18:19 Castle Age
17:40 Scale Barding Armor
26:49 Wheelbarrow
26:35 Town Watch
34:51 Imperial Age
34:31 Fortified Wall
time0wner
9:13 Feudal Age
9:49 Loom
13:59 Castle Age
15:07 Double-Bit Axe
25:09 Horse Collar
28:48 Bow Saw
34:09 Imperial Age
32:59 Wheelbarrow
32:49 Heavy Plow
35:34 Hand Cart
35:17 Stone Mining
39:32 Elite Elephant Archer
42:28 Thumb Ring
42:31 Kshatriyas
42:50 Conscription
43:28 Ballistics
44:09 Chemistry
43:47 Frontier Guards
44:32 Fletching
44:42 Padded Archer Armor
45:53 Bodkin Arrow
46:14 Leather Archer Armor
47:15 Bracer
47:24 Gold Mining
50:21 Siege Elephant
51:55 Gold Shaft Mining
Astronauta_da_Vovo
10:34 Feudal Age
10:58 Feudal Age
14:21 Castle Age
13:00 Double-Bit Axe
13:58 Scale Barding Armor
13:57 Horse Collar
15:26 Bow Saw
24:37 Heavy Plow
26:46 Bloodlines
27:27 Husbandry
27:45 Forging
28:23 Wheelbarrow
29:20 Chain Barding Armor
30:49 Gold Mining
31:49 Loom
34:58 Imperial Age
32:42 Town Watch
34:31 Iron Casting
34:05 Tusk Swords
34:48 Gold Shaft Mining
36:19 Plate Barding Armor
36:33 Fervor
38:04 Blast Furnace
37:32 Siege Engineers
37:49 Ballistics
37:49 Elite Battle Elephant
38:36 Double Crossbow
39:49 Conscription
41:46 Chemistry
40:39 Heavy Scorpion
41:38 Stone Mining
42:44 Light Cavalry
44:16 Stone Shaft Mining
44:29 Hussar
45:57 Capped Ram
49:04 Masonry
48:45 Fletching
48:56 Padded Archer Armor
48:31 Siege Ram
49:47 Coinage
49:18 Caravan
香菇肥牛
9:06 Feudal Age
9:38 Double-Bit Axe
9:34 Horse Collar
17:14 Wheelbarrow
21:02 Castle Age
18:50 Loom
19:20 Bloodlines
20:00 Scale Barding Armor
20:05 Forging
19:55 Gold Mining
22:09 Hand Cart
22:22 Bow Saw
21:33 Capped Ram
23:25 Heavy Plow
24:25 Bloodlines
25:18 Gold Shaft Mining
25:35 Chain Barding Armor
25:58 Loom
27:05 Iron Casting
34:20 Imperial Age
31:47 Stone Mining
33:11 Town Watch
34:42 Elite Steppe Lancer
35:59 Plate Barding Armor
36:24 Blast Furnace
35:56 Fletching
36:02 Light Cavalry
37:15 Town Patrol
41:16 Hussar
43:53 Conscription
47:18 Conscription
49:58 Hoardings
50:12 Crop Rotation
50:44 Two-Man Saw
khadu626
11:33 Feudal Age
15:32 Castle Age
20:50 Imperial Age
20:42 Chemistry
20:01 Double-Bit Axe
22:30 Loom
23:10 Elite Skirmisher
23:49 Fletching
24:32 Padded Archer Armor
29:00 Bodkin Arrow
30:29 Horse Collar
31:19 Bow Saw
34:26 Fervor
34:13 Herbal Medicine
34:54 Wheelbarrow
35:12 Bracer
37:35 Leather Archer Armor
38:03 Hand Cart
39:05 Ring Archer Armor
39:23 Ballistics
40:07 Town Watch
41:23 Two-Man Saw
40:25 Heavy Plow
41:56 Town Patrol
43:12 Scale Barding Armor
44:43 Houfnice
51:37 Caravan
Connection lost

Rejoining the realm…

Still unreachable

The connection could not be restored.

Session expired

The server has moved on; the page needs a fresh start.